 Dungeon Crawl Stone Soup version 0.32-a0-711-g016ad743e0 (webtiles) character file.

Game seed: 10415810518215214575

28781 cforsyth the Cleaver (level 13, -9/122 HPs)
             Began as a Mountain Dwarf Cinder Acolyte on Mar 16, 2024.
             Was a High Priest of Ignis.
             Mangled by a death yak (15 damage)
             ... led by a torpor snail
             ... on level 4 of the Lair of Beasts.
             The game lasted 00:34:28 (22150 turns).

cforsyth the Cleaver (MDCA)                        Turns: 22150, Time: 00:34:28

Health: -9/122     AC: 23    Str: 20    XL:     13   Next: 11%
Magic:  20/20      EV:  6    Int: 17    God:    Ignis [*****.]
Gold:   643        SH:  0    Dex:  1    Spells: 20/22 levels left

rFire   + . .        a - +0 war axe (flame)
rCold   . . .        (no shield)
rNeg    . . .        J - +0 plate armour
rPois   .            D - +0 helmet
rElec   .            L - +1 cloak "Hised" {rF- Will+++ Regen+ Dex-4}
rCorr   .            r - +2 pair of gloves
SInv    .            (no boots)
Will    ++++.        M - amulet of magic regeneration Stlth
                     F - ring of protection from fire
HPRegen 1.20/turn    (no ring)
MPRegen 0.57/turn

%: no passive effects
@: no status effects
A: runic magic, artefact enchanting
a: Renounce Religion, Fiery Armour, Foxfire Swarm, Rising Flame


You were on level 4 of the Lair of Beasts.
You worshipped Ignis.
Ignis was extremely pleased with you.
You visited 2 branches of the dungeon, and saw 16 of its levels.

You collected 759 gold pieces.
You spent 116 gold pieces at shops.


Innate Abilities, Weirdness & Mutations

Your spellcasting is much less encumbered by armour.
You can use scrolls of enchantment on lesser artefacts.


   Skills:
 + Level 13.6 Fighting
 + Level 14.6 Axes
 + Level 13.0 Armour
 - Level 5.2 Spellcasting
 - Level 11.2 Fire Magic


You had 20 spell levels left.
You knew the following spells:

 Your Spells              Type           Power      Damage    Failure   Level
X - Scorch                Fire           84%        2d8       1%          2

Your spell library contained the following spells:

 Spells                   Type           Power      Damage    Failure   Level
 Volatile Blastmotes      Fire/Tloc      46%        2d13      8%          3
 Apportation              Tloc           8%         N/A       26%         1
 Magic Dart               Conj           16%        1d3       26%         1
 Necrotise                Necr           16%        1d4       26%         1
 Sting                    Conj/Alch      16%        1d4       26%         1
 Summon Small Mammal      Summ           16%        N/A       26%         1
 Blink                    Tloc           8%         N/A       38%         2
 Call Imp                 Summ           8%         N/A       38%         2
 Ensorcelled Hibernation  Hex/Ice        8%         N/A       38%         2
 Lesser Beckoning         Tloc           8%         N/A       38%         2
 Momentum Strike          Conj/Tloc      8%         3d8       38%         2
 Searing Ray              Conj           8%         2d4       38%         2
 Fugue of the Fallen      Necr           4%         N/A       63%         3
 Ozocubu's Armour         Ice            4%         N/A       63%         3
 Passwall                 Erth           4%         N/A       63%         3
 Swiftness                Air            4%         N/A       63%         3
 Animate Dead             Necr           4%         N/A       95%         4
 Fulminant Prism          Conj/Alch      2%         3d5       95%         4
 Manifold Assault         Tloc           4%         N/A       95%         4
 Borgnjor's Vile Clutch   Necr/Erth      2%         N/A       100%        5
 Bombard                  Conj/Erth      2%         9d1       100%        6
 Death Channel            Necr           2%         N/A       100%        6

Inventory:

Hand Weapons
 a - a +0 war axe of flaming (weapon)
 l - a +0 hand axe of flaming
 z - a +3 hand axe
Missiles
 x - 2 throwing nets {=f}
Armour
 e - a +2 cloak of preservation
 r - a +2 pair of gloves (worn)
 D - a +0 helmet (worn)
 J - a +0 plate armour (worn)
 L - the +1 cloak "Hised" (worn) {rF- Will+++ Regen+ Dex-4}
   (You found it on level 2 of the Dungeon)

   Dex-4:     It affects your dexterity (-4).
   rF-:       It makes you vulnerable to fire.
   Will+++:   It greatly increases your willpower.
   Regen+:    It increases your rate of health regeneration.
 O - a +0 hat of willpower
Magical Staves
 v - a staff of conjuration {!a}
Jewellery
 d - an amulet of the acrobat
 f - a ring of fire
 y - a ring of fire
 C - a ring of ice
 F - a ring of protection from fire (left hand)
 M - an amulet of magic regeneration (around neck)
 N - an amulet of reflection
Wands
 b - a wand of polymorph (5)
 k - a wand of charming (17)
 o - a wand of warping (12)
 E - a wand of quicksilver (3)
 I - a wand of flame (3)
Scrolls
 c - 3 scrolls of vulnerability
 h - a scroll of amnesia
 n - a scroll of revelation
 p - a scroll of brand weapon
 t - 2 scrolls of enchant weapon
 A - a scroll of fog
 B - 2 scrolls of blinking
 H - a scroll of teleportation {@r2}
 K - a scroll of fear
Potions
 g - 2 potions of brilliance
 i - 6 potions of ambrosia
 j - 2 potions of enlightenment
 m - 2 potions of curing {@q1}
 q - a potion of lignification
 s - 3 potions of berserk rage {!q}
 u - 2 potions of might
 w - a potion of haste {@q3}
 G - a potion of attraction

Dungeon Overview and Level Annotations

Branches:
Dungeon (12/15)            Temple (0/1) D:5            Lair (4/5) D:8
  Snake (0/4) Lair:3
  Swamp: Lair:2-3    Shoals: Lair:2-3     Slime: Lair:4-5       Orc: D:9-12

Altars:
Cheibriados
Dithmenos
Kikubaaqudgha
Ru
Sif Muna
Vehumet
Wu Jian
Zin
The Shining One

Shops:
D:2 =   D:5 [   D:10 (

Annotations:
D:5 3 runed translucent doors, croobank's ghost, amateur HuNe

....# ♣♣
..... ^
.....##
§♣
#......
P♣
.......
§P♣
#....##§§
#..†Y.♣
#..@.♣
#....P♣
#......♣
###...P♣
#...P..
#..♣♣.♣.
...♣ .♣ ♣
.... .


You could see a death yak.


Message History

You barely miss the death yak.
The death yak is heavily wounded.
You hit the death yak. You burn the death yak.
The death yak is heavily wounded.
The death yak gores you but does no damage.
You slice the death yak!! You burn the death yak.
The death yak is severely wounded.
The death yak gores you!
* * * LOW HITPOINT WARNING * * *
You hit the death yak but do no damage.
The death yak is severely wounded.
The death yak gores you.
* * * LOW HITPOINT WARNING * * *
You slash the death yak! You burn the death yak.
The death yak is almost dead.
The death yak barely misses you.
You hit the death yak. You burn the death yak.
The death yak is almost dead.
You hit the death yak. You burn the death yak.
The death yak is almost dead.
The death yak gores you but does no damage.
You hit the death yak. You burn the death yak.
The death yak is almost dead.
The death yak gores you!
* * * LOW HITPOINT WARNING * * *
You hit the death yak but do no damage.
The death yak is almost dead.
The death yak gores you!
You die...
Ignis goes out, and joins you in death.

Skill      XL: |  1  2  3  4  5  6  7  8  9 10 11 12 13 |
---------------+----------------------------------------+-----
Armour         | 1 2 6 8 9 10 11 12 13 | 13.0
Axes           | 4 8 10 11 13 14 | 14.6
Fire Magic     | 4 8 10 11 | 11.2
Fighting       | 4 7 9 10 12 13 | 13.6
Spellcasting   | 2 5 |  5.2

Action                     |  1- 3 |  4- 6 |  7- 9 | 10-12 | 13-15 || total
---------------------------+-------+-------+-------+-------+-------++-------
  Melee: Hand axe          |   159 |    56 |    52 |   222 |       ||   489
         War axe           |       |       |       |   365 |    89 ||   454
   Cast: Scorch            |     6 |    42 |   132 |   341 |    13 ||   534
  Evoke: Wand              |       |       |       |    23 |       ||    23
    Use: Scroll            |       |    14 |     5 |     4 |     4 ||    27
         Potion            |       |     1 |     1 |     7 |       ||     9
 Armour: Robe              |    28 |       |       |       |       ||    28
         Chain mail        |   106 |    56 |   110 |   329 |       ||   601
         Skin              |       |       |       |    18 |       ||    18
         Plate armour      |       |       |       |   609 |    96 ||   705
  Dodge: Dodged            |   105 |    27 |    50 |   350 |    22 ||   554

Levels and vault maps discovered:
D:1:      scummos_arrival_star, layout_loops_corners,
          minmay_misc_feat_nine_boxes, corexii_hall_statues_x, minivault_4,
          st_stairs_5
D:2:      layout_loops_cross, kennysheep_flooded_box, nicolae_shop_unique_rings,
          kennysheep_generic_room_11
D:3:      layout_loops_cross, nzn_wu_jian_council_hall, nicolae_wormholes
D:4:      layout_loops_corners, eino_tiny_chamber
D:5:      layout_loops_ring, temple_statues, serial_shops,
          nicolae_shop_mannequins, gammafunk_ghost_nasty_kobolds, st_stairs_7,
          uniq_menkaure
D:6:      layout_basic, nicolae_kikubaaqudgha_miasma_corner,
          mainiacjoe_overflow_small_starburst, chequers_serial_rivers_large_a,
          kennysheep_generic_room_16, uniq_duvessa
D:7:      minmay_blocky_corners, layout_basic, led_sif_book,
          grunt_qazlal_clouds, kennysheep_minor_cross, hangedman_decor_lopped
D:8:      layout_loops_ring, mainiacjoe_overflow_alcove_4, cheibriados_altar_1,
          dpeg_lair_monsters, grunt_decor_junction, uniq_amaemon, uniq_psyche
D:9:      layout_stronghold, mainiacjoe_overflow_surrounded_room, uniq_joseph
D:10:     minmay_inner_zag, layout_basic, vehumet_altar_wand_db,
          grunt_dithmenos_shadows, serial_shops, shop, uniq_sonja
D:11:     layout_roguey
D:12:     layout_small_grid, erik_orc_1, drop_trap
Lair:1:   layout_roguey
Lair:2:   layout_cave_pods, nicolae_lair_liquid_snakes
Lair:3:   layout_cave_pods, alex1729_swamp_entry_worm_eleionoma,
          minmay_snake_entry_guardpost_small, nicolae_lair_run_with_the_wolves,
          grunt_megastairs_3, serial_bayou_shore_b, uniq_gastronok, uniq_kirke,
          uniq_nergalle
Lair:4:   wad_woods_tower, layout_hall_layers, nicolae_lair_lindhole

Notes
Turn   | Place    | Note
-------+----------+-------------------------------------------
     0 | D:1      | cforsyth the Mountain Dwarf Cinder Acolyte began the quest
                  | for the Orb.
     0 | D:1      | Reached XP level 1. HP: 19/19 MP: 2/2
   199 | D:1      | Reached XP level 2. HP: 16/26 MP: 3/3
   587 | D:1      | Reached skill level 1 in Armour
   892 | D:1      | Reached XP level 3. HP: 27/31 MP: 3/5
  1038 | D:1      | Reached skill level 4 in Axes
  1045 | D:1      | Reached skill level 4 in Fire Magic
  1207 | D:2      | Identified the +1 cloak "Hised" {rF- Will+++ Regen+ Dex-4}
  1650 | D:2      | Found Eptif's One-of-a-Kind Rings.
  1934 | D:3      | Learned a level 2 spell: Scorch
  2260 | D:3      | Found an ornate altar of the Wu Jian Council.
  2595 | D:4      | Reached XP level 4. HP: 40/40 MP: 1/6
  2595 | D:4      | Identified 2 potions of experience
  2746 | D:4      | Reached skill level 4 in Fighting
  2776 | D:4      | Reached skill level 2 in Armour
  3097 | D:4      | Noticed an ogre
  3185 | D:5      | Entered Level 5 of the Dungeon
  3250 | D:5      | Reached XP level 5. HP: 46/46 MP: 7/7
  3257 | D:5      | Noticed Menkaure
  3639 | D:3      | Reached skill level 2 in Spellcasting
  4256 | D:5      | Reached XP level 6. HP: 53/53 MP: 2/9
  4392 | D:5      | Reached skill level 5 in Fire Magic
  4396 | D:5      | Reached skill level 5 in Axes
  4465 | D:5      | Reached skill level 3 in Armour
  4536 | D:5      | Found a staircase to the Ecumenical Temple.
  4545 | D:5      | Noticed an ice beast
  4739 | D:5      | Reached skill level 7 in Fighting
  4739 | D:5      | Reached skill level 8 in Axes
  4739 | D:5      | Reached skill level 6 in Armour
  4739 | D:5      | Reached skill level 5 in Spellcasting
  4739 | D:5      | Reached skill level 8 in Fire Magic
  4739 | D:5      | Reached XP level 7. HP: 67/67 MP: 9/14
  4740 | D:5      | Reached XP level 8. HP: 74/74 MP: 9/15
  4741 | D:5      | Reached skill level 9 in Fighting
  4741 | D:5      | Reached skill level 10 in Axes
  4741 | D:5      | Reached skill level 8 in Armour
  4741 | D:5      | Reached skill level 10 in Fire Magic
  4745 | D:5      | Killed Menkaure
  4973 | D:5      | Found a runed translucent gate.
  4974 | D:5      | Found a runed translucent gate.
  4974 | D:5      | Found a runed translucent gate.
  4974 | D:5      | Noticed croobank's ghost (amateur HuNe)
  5259 | D:5      | Identified +0 pearl dragon scales
  5259 | D:5      | Noticed an animated pearl dragon scales
  5261 | D:5      | Found Zoekob's Armour Emporium.
  5263 | D:5      | Noticed an animated plate armour
  5641 | D:5      | Reached XP level 9. HP: 84/84 MP: 9/16
  6207 | D:6      | Noticed Dowan
  6209 | D:6      | Noticed Duvessa
  6216 | D:6      | Killed Duvessa
  6218 | D:6      | Killed Dowan
  6343 | D:6      | Killed an unseen horror
  6603 | D:6      | Found a glowing silver altar of Zin.
  7140 | D:6      | Found an ancient bone altar of Kikubaaqudgha.
  7256 | D:6      | Reached skill level 9 in Armour
  7741 | D:7      | Found a shimmering blue altar of Sif Muna.
  8027 | D:6      | Reached XP level 10. HP: 49/93 MP: 8/17
  8650 | D:7      | Noticed a boulder beetle
  8854 | D:6      | Reached skill level 10 in Fighting
  9236 | D:7      | Reached skill level 11 in Fire Magic
  9372 | D:8      | Noticed Psyche
  9541 | D:6      | Reached skill level 11 in Axes
 10010 | D:8      | Found a snail-covered altar of Cheibriados.
 10253 | D:8      | Found a staircase to the Lair.
 10385 | D:8      | Killed Psyche
 10654 | D:8      | Found a glowing golden altar of the Shining One.
 11007 | D:8      | Noticed Amaemon
 11014 | D:8      | Noticed an orange demon
 11087 | D:8      | Killed an orange demon
 11154 | D:8      | Killed Amaemon
 11155 | D:8      | Reached skill level 10 in Armour
 11155 | D:8      | Reached XP level 11. HP: 101/101 MP: 9/18
 11582 | D:9      | Found a sacrificial altar of Ru.
 12290 | D:9      | Noticed Joseph
 12301 | D:9      | Killed Joseph
 12952 | D:10     | Entered Level 10 of the Dungeon
 13324 | D:10     | Reached skill level 11 in Fighting
 13701 | D:10     | Found a radiant altar of Vehumet.
 13743 | D:10     | Reached skill level 12 in Axes
 14233 | D:10     | Found Mumnauxewk's Weapon Shop.
 14402 | D:10     | Found a shadowy altar of Dithmenos.
 15009 | D:10     | Identified the +9 sling of the Crawling Thing {heavy, *Slow
                  | rElec rPois SInv}
 15123 | D:10     | Noticed Sonja
 15137 | D:10     | Killed Sonja
 15138 | D:10     | Reached skill level 11 in Armour
 15416 | D:11     | Noticed a two-headed ogre
 15725 | D:11     | Killed a two-headed ogre
 16649 | D:11     | Noticed a skeletal warrior
 16649 | D:11     | Noticed a skeletal warrior
 16649 | D:11     | Noticed a skeletal warrior
 16649 | D:11     | Noticed a skeletal warrior
 16649 | D:11     | Noticed a skeletal warrior
 16748 | Lair:1   | Entered Level 1 of the Lair of Beasts
 16932 | Lair:1   | Reached skill level 12 in Fighting
 17087 | Lair:1   | Noticed a boulder beetle
 17157 | Lair:1   | Reached skill level 13 in Axes
 17157 | Lair:1   | Reached XP level 12. HP: 77/112 MP: 8/19
 17323 | D:10     | Bought a +0 war axe of flaming for 116 gold pieces
 17491 | D:11     | Noticed a two-headed ogre
 17564 | D:12     | Noticed a two-headed ogre
 18043 | Lair:1   | Killed a boulder beetle
 18161 | Lair:1   | Reached skill level 12 in Armour
 19781 | Lair:2   | Noticed a seven-headed hydra
 19798 | Lair:2   | Killed a one-headed hydra
 19984 | Lair:2   | Noticed a four-headed hydra
 19993 | Lair:2   | Killed a one-headed hydra
 20314 | Lair:2   | Reached skill level 13 in Fighting
 20527 | Lair:2   | Reached skill level 14 in Axes
 21062 | Lair:3   | Noticed an eight-headed hydra
 21088 | Lair:3   | HP: 6/115 [three-headed hydra (10)]
 21093 | Lair:2   | Killed a two-headed hydra
 21271 | Lair:3   | Found a staircase to the Snake Pit.
 21590 | Lair:3   | HP: 11/115 [constriction (1)]
 21592 | Lair:3   | HP: 2/115 [constriction (4)]
 21736 | Lair:3   | Reached XP level 13. HP: 55/122 MP: 20/20
 21980 | Lair:3   | Noticed Gastronok
 21995 | Lair:3   | Killed Gastronok
 21996 | Lair:3   | Reached skill level 13 in Armour
 22149 | Lair:4   | HP: 5/122 [death yak[a torpor snail] (17)]
 22150 | Lair:4   | Mangled by a death yak

Vanquished Creatures
  Gastronok (Lair:3)
  3 hydras (Lair:2)
  A two-headed ogre (D:11)
  A boulder beetle (Lair:1)
  Amaemon (D:8)
  Sonja (D:10)
  A skyshark (Lair:2)
  A skeletal warrior (D:10)
  A wolf spider (Lair:3)
  2 cyclopes (D:11)
  Joseph (D:9)
  4 black mambas (Lair:2)
  4 cane toads
  An orange demon (D:8)
  A gargoyle (D:10)
  3 unseen horrors
  2 rime drakes (Lair:2)
  Psyche (D:8)
  4 komodo dragons
  3 trolls (D:10)
  A polar bear (Lair:2)
  A slime creature (D:6)
  2 vampires
  2 shadows (D:10)
  3 wyverns
  18 yaks
  2 wraiths
  3 basilisks
  A steam dragon (D:8)
  An acid dragon (D:10)
  4 nagas
  Menkaure (D:5)
  7 water moccasins
  2 ice beasts
  Duvessa (D:6)
  5 orc warriors
  A sky beast (D:6)
  3 black bears
  2 ogres
  24 wolves
  6 centaurs
  A phantom (D:5)
  7 kobold brigands
  8 bullfrogs
  A gnoll sergeant (D:10)
  3 scorpions
  Dowan (D:6)
  9 wights
  9 killer bees
  4 electric eels (Lair:2)
  6 howler monkeys
  A bombardier beetle (D:6)
  5 lava snakes (Lair:2)
  A jelly (D:5)
  6 orc priests
  2 gnoll boudas
  4 hounds
  3 sleepcaps
  6 iguanas
  7 orc wizards
  3 gnolls
  5 adders
  A river rat (D:8)
  A shadow imp (D:5)
  2 white imps
  6 ribbon worms
  5 dart slugs
  26 orcs
  4 bats
  4 endoplasms
  6 goblins
  4 hobgoblins
  5 jackals
  36 kobolds
  A quokka (D:4)
  9 ball pythons
  4 frilled lizards
  5 rats
338 creatures vanquished.

Vanquished Creatures (collateral kills)
  A shadow (D:11)
1 creature vanquished.

Vanquished Creatures (others)
  A two-headed ogre (D:11)
1 creature vanquished.

Grand Total: 340 creatures vanquished

Table legend: (Time is in decaauts)
 A = Elapsed time spent in this place.
 B = Non-inter-level travel time spent in this place.
 C = Inter-level travel time spent in this place.
 D = Time resting spent in this place.
 E = Time spent auto-exploring this place.
 F = Levels seen in this place.
 G = Mean time per level.
                   A        B        C        D        E       F      G
               +--------+--------+--------+--------+--------+-----+--------+
         Total |  22098 |  21103 |    995 |   3271 |  14035 |  16 | 1381.1 |
       Dungeon |  17227 |  16384 |    843 |   2616 |  10837 |  12 | 1435.6 |
          Lair |   4871 |   4720 |    151 |    655 |   3198 |   4 | 1217.8 |
               +--------+--------+--------+--------+--------+-----+--------+

Top non-repeatable levels by time:
    D:10: 3131 daAuts
     D:6: 2546 daAuts
  Lair:1: 2288 daAuts
  Lair:2: 1992 daAuts
     D:8: 1617 daAuts
     D:5: 1607 daAuts
     D:7: 1553 daAuts
     D:4: 1550 daAuts
     D:9: 1480 daAuts
     D:1: 1075 daAuts
     D:3: 960 daAuts
    D:11: 884 daAuts
     D:2: 766 daAuts
  Lair:3: 574 daAuts
    D:12: 53 daAuts

Table legend:
 A = Non-vault XP
 B = Vault XP
 C = Vault XP percentage of total XP
 D = Non-vault monster count
 E = Vault monster count
 F = Vault count percentage of total count
                 A         B        C        D         E       F
            +---------+---------+-------+---------+---------+-------
      Total |   25996 |   13666 |  34.5 |     267 |      72 |  21.2
            +---------+---------+-------+---------+---------+-------
        D:1 |      45 |       2 |   4.3 |      22 |       2 |   8.3
        D:2 |      32 |       0 |   0.0 |      13 |       0 |   0.0
        D:3 |      54 |       9 |  14.3 |      10 |       2 |  16.7
        D:4 |     201 |       0 |   0.0 |      16 |       0 |   0.0
        D:5 |     923 |     198 |  17.7 |      22 |       3 |  12.0
        D:6 |    2170 |    1007 |  31.7 |      37 |       6 |  14.0
        D:7 |     973 |     936 |  49.0 |      21 |       3 |  12.5
        D:8 |    1283 |    1947 |  60.3 |      31 |       8 |  20.5
        D:9 |    1038 |     466 |  31.0 |      18 |       1 |   5.3
       D:10 |    4375 |    2274 |  34.2 |      26 |      10 |  27.8
       D:11 |    2925 |       0 |   0.0 |      10 |       0 |   0.0
       D:12 |      57 |       0 |   0.0 |       1 |       0 |   0.0
     Lair:1 |    4005 |       0 |   0.0 |      18 |       0 |   0.0
     Lair:2 |    7605 |    2659 |  25.9 |      20 |      18 |  47.4
     Lair:3 |     157 |    4168 |  96.4 |       1 |      19 |  95.0
     Lair:4 |     153 |       0 |   0.0 |       1 |       0 |   0.0
            +---------+---------+-------+---------+---------+-------
